 Dungeon Crawl Stone Soup version 0.31-a0-1082-g7d1fb776a8 (webtiles) character file.

Game seed: 8692597855076909432

49 Flugslaktarn the Changeling (level 3, -2/23 HPs)
             Began as an Octopode Shapeshifter on Nov 28, 2023.
             Slain by Terence
             ... wielding a +0 flail
              (7 damage)
             ... on level 2 of the Dungeon.
             The game lasted 00:00:39 (923 turns).

Flugslaktarn the Changeling (Octopode Shapeshifter)  Turns: 923, Time: 00:00:39

Health: -2/23      AC:  1    Str: 15    XL:     3   Next: 75%
Magic:  3/3        EV: 13    Int: 12    God:
Gold:   75         SH:  0    Dex: 11    Spells: 2/2 levels left

rFire   . .          .
                       - Unarmed
rCold   . . .        (no shield)
rNeg    . . .        (helmet currently unavailable)
rPois   .            (no amulet)
rElec   .            (no ring)
rCorr   .            (no ring)
SInv    .            (no ring)
Will    .....        (no ring)
Stlth   ++           (no ring)
HPRegen 0.23/turn    (no ring)
MPRegen 0.08/turn    (no ring)
                     (no ring)

%: no passive effects
@: beast-form
A: beast (slay +2), almost no armour, amphibious, 8 rings, camouflage 1,
gelatinous body 1, (nimble swimmer 1), tentacles
a: Begin Untransformation


You were on level 2 of the Dungeon.
You were a hulking beast.
You visited 1 branch of the dungeon, and saw 2 of its levels.

You collected 75 gold pieces.

Inventory:

Jewellery
 p - a +4 ring of protection
   (You found it on level 1 of the Dungeon)
Talismans
 b - a beast talisman
 c - a flux talisman
Scrolls
 d - a scroll of amnesia {unknown}
 e - a scroll of teleportation {unknown}
 f - a scroll of torment {unknown}
 j - a scroll of identify {unknown}
Potions
 a - 2 potions of lignification
 g - a potion of mutation {unknown}
 h - a potion of attraction {unknown}
 i - a potion of magic {unknown}


   Skills:
 + Level 1.6 Fighting
 + Level 2.5 Dodging
 + Level 3.4 Unarmed Combat
 * Level 3.5 Shapeshifting


You had 2 spell levels left.
You didn't know any spells.
Your spell library was empty.

Dungeon Overview and Level Annotations

Branches:
Dungeon (2/15)

Altars:

Annotations:
D:2 Terence


Innate Abilities, Weirdness & Mutations

You are a hulking beast.
Your limbs bulge with bestial killing power. (Slay +2)
You cannot wear most types of armour.
You are amphibious.
You can wear up to eight rings at the same time.
Your skin changes colour to match your surroundings (Stealth+).
Your rubbery body absorbs attacks. (AC +1, EV +1)
((You are camouflaged when in or above water. (Stealth+)))
You have tentacles for arms and can constrict up to eight enemies at once.


Message History

No target in view!
No target in view!
No target in view!
A frilled lizard comes into view.
You see here a bubbling silvery potion.
Unknown command.
A frilled lizard is nearby!
A frilled lizard is nearby!
The frilled lizard hisses angrily.
The frilled lizard bites you but does no damage.
You closely miss the frilled lizard. You grab the frilled lizard.
You squeeze the frilled lizard.
You kill the frilled lizard!
No target in view!
No target in view!
No target in view!
No target in view!
i - a bubbling silvery potion Unknown command.
A worm comes into view.
A worm is nearby!
The worm bites you.
You tentacle-slap the worm. You grab the worm.
The worm is lightly wounded.
You constrict the worm, but do no damage.
The worm bites you.
You tentacle-slap the worm.
The worm is lightly wounded.
You constrict the worm. You tentacle-slap the worm. You squeeze the worm!
You kill the worm!
No target in view!
No target in view!
No target in view!
No target in view!
HP restored.
j - a scroll labelled YHANKO ZIECAYM Unknown command.
A goblin comes into view. It is wielding a +0 club.
A goblin is nearby!
The goblin shouts!
You tentacle-slap the goblin.
You kill the goblin!
No target in view!
No target in view!
No target in view!
No target in view!
No target in view!
Found a quarterstaff.
Unknown command.
Found 8 stones.
A hobgoblin comes into view.
The hobgoblin shouts!
No target in view!
No target in view!
No target in view!
No target in view!
No target in view!
No target in view!
No target in view!
A hobgoblin is nearby!
Unknown command.
A hobgoblin is nearby!
The hobgoblin misses you.
You barely miss the hobgoblin. You grab the hobgoblin.
You squeeze the hobgoblin.
You kill the hobgoblin!
No target in view!
No target in view!
No target in view!
No target in view!
No target in view!
No target in view!
Found a stone staircase leading down.
Unknown command.
Terence is nearby!
Unknown command.
Terence shouts!
Terence hits you with a +0 flail!
You tentacle-slap Terence but do no damage.
You grab Terence. You squeeze Terence.
Terence is lightly wounded.
You constrict Terence. Terence misses you.
You tentacle-slap Terence. You squeeze Terence.
Terence is heavily wounded.
You constrict Terence, but do no damage.
Terence barely misses you.
You tentacle-slap Terence.
You tentacle-slap Terence, but do no damage.
You squeeze Terence.
Terence is severely wounded.
You constrict Terence. Terence hits you with a +0 flail!
* * * LOW HITPOINT WARNING * * *
You are too injured to fight recklessly!
Unknown command.
You tentacle-slap Terence but do no damage.
Terence is severely wounded.
You constrict Terence. Terence hits you with a +0 flail!
You die...
Terence says, "Rest in peace."

#.#.###.# #......###.
#...#.#.### #..........
#.........# ######.....
#...#.#...## #.###.
#.....#......### #.###.
#..............# #.....
.............$#.# #.###.
............#..# ..# #.
.>#.#.#....h#..# .## #.
...........@......# #.
................ #.
............... ..
......#.##.##.#.......##
........# ............##
...#.##.# ............#
.#... #.. ............#
..........#


You could see Terence.

Vanquished Creatures
  A worm (D:2)
  A dart slug (D:1)
  3 endoplasms (D:1)
  4 goblins
  4 hobgoblins
  8 jackals (D:1)
  A kobold (D:1)
  A quokka (D:1)
  4 ball pythons (D:1)
  4 bats (D:1)
  4 frilled lizards
  6 rats
41 creatures vanquished.

Notes
Turn   | Place    | Note
-------+----------+-------------------------------------------
     0 | D:1      | Flugslaktarn the Octopode Shapeshifter began the quest for
                  | the Orb.
     0 | D:1      | Reached XP level 1. HP: 13/13 MP: 1/1
   104 | D:1      | Reached XP level 2. HP: 16/18 MP: 2/2
   194 | D:1      | Reached XP level 3. HP: 22/23 MP: 3/3
   761 | D:2      | Noticed Terence
   923 | D:2      | Slain by Terence

Illustrated notes

Levels and vault maps discovered:
D:1:      lemuel_arrival_cross, layout_loops_ring, minmay_crystal_water
D:2:      layout_basic, serial_shops, shop, uniq_terence, uniq_jessica

Action                     || total
---------------------------++-------
  Melee: Unarmed           ||    85
         Tentacles         ||    19
         Constrict         ||    18
         Punch             ||     2
   Stab: Sleeping          ||    10
         Distracted        ||     1
 Armour: Skin              ||    29
  Dodge: Dodged            ||    54

Table legend: (Time is in decaauts)
 A = Elapsed time spent in this place.
 B = Non-inter-level travel time spent in this place.
 C = Inter-level travel time spent in this place.
 D = Time resting spent in this place.
 E = Time spent auto-exploring this place.
 F = Levels seen in this place.
 G = Mean time per level.
                   A        B        C        D        E       F      G
               +--------+--------+--------+--------+--------+-----+--------+
         Total |    918 |    878 |     40 |      0 |    673 |   2 |  459.0 |
       Dungeon |    918 |    878 |     40 |      0 |    673 |   2 |  459.0 |
               +--------+--------+--------+--------+--------+-----+--------+

Top non-repeatable levels by time:
     D:1: 794 daAuts
     D:2: 123 daAuts
